 Dungeon Crawl Stone Soup version 0.31-a0-934-gf4fcaacff8 (webtiles) character file.

Game seed: 3378084555910623278

1425 BinkBink the Magician (level 8, -7/41 HPs)
             Began as a Deep Elf Air Elementalist on Oct 20, 2023.
             Was an Initiate of Vehumet.
             Killed from afar by a steam dragon (11 damage)
             ... with a ball of steam
             ... on level 7 of the Dungeon.
             The game lasted 00:18:08 (7229 turns).

BinkBink the Magician (Deep Elf Air Elementalist)   Turns: 7229, Time: 00:18:08

Health: -7/41      AC:  4    Str:  5    XL:     8   Next: 44%
Magic:  20/20      EV: 12    Int: 23    God:    Vehumet [......]
Gold:   358        SH:  0    Dex: 15    Spells: 11/21 levels left

rFire   . . .        B - staff of cold
rCold   + . .        (no shield)
rNeg    . . .        a - +0 robe
rPois   .            (no helmet)
rElec   .            l - +0 cloak
rCorr   .            (no gloves)
SInv    +            k - +0 pair of boots
Will    .....        z - amulet of magic regeneration
Stlth   ++           v - ring of see invisible
HPRegen 0.26/turn    (no ring)
MPRegen 0.57/turn

%: no passive effects
@: swift (expiring), quick
A: no striking features
a: Renounce Religion


You were on level 7 of the Dungeon.
You worshipped Vehumet.
Vehumet was noncommittal.
You visited 2 branches of the dungeon, and saw 8 of its levels.

You collected 358 gold pieces.

Inventory:

Missiles
 i - a throwing net
Armour
 a - a +0 robe (worn)
 k - a +0 pair of boots (worn)
 l - a +0 cloak (worn)
 x - the +3 ring mail of Makhleb's Pride {rElec rPois Will+}
   (You found it on level 4 of the Dungeon)

   rElec:     It insulates you from electricity.
   rPois:     It protects you from poison Will+: It increases your willpower.
Magical Staves
 m - a staff of death
 B - a staff of cold (weapon)
Jewellery
 s - an amulet of the acrobat
 v - a ring of see invisible (left hand)
 z - an amulet of magic regeneration (around neck)
 D - a +6 ring of strength
Wands
 C - a wand of light (1)
Scrolls
 d - 2 scrolls of enchant weapon
 e - 5 scrolls of immolation
 f - a scroll of vulnerability
 j - a scroll of blinking
 n - a scroll of teleportation
 y - 2 scrolls of noise
 A - 2 scrolls of fear
Potions
 b - a potion of magic
 c - 4 potions of curing {unknown}
 g - 4 potions of brilliance
 h - a potion of invisibility {unknown}
 p - a potion of attraction {unknown}
 q - a potion of cancellation {unknown}
 w - 2 potions of haste {unknown}


   Skills:
 - Level 3.1 Staves
 - Level 2.4 Dodging
 - Level 2.4 Stealth
 + Level 7.2 Spellcasting
 - Level 4.2 Conjurations
 - Level 2.0 Necromancy
 + Level 4.3 Ice Magic
 + Level 5.7 Air Magic
 - Level 3.3 Evocations


You had 11 spell levels left.
You knew the following spells:

 Your Spells              Type           Power      Damage    Failure   Level
a - Shock                 Conj/Air       100%       1d9       1%          1
b - Swiftness             Air            34%        N/A       2%          3
c - Plasma Beam           Fire/Air       10%        2x1d21    98%         6

Your spell library contained the following spells:

 Spells                   Type           Power      Damage    Failure   Level
 Freeze                   Ice            100%       1d10      1%          1
 Static Discharge         Conj/Air       62%        2-5/arc   1%          2
 Ozocubu's Armour         Ice            42%        N/A       3%          3
 Airstrike                Air            17%        2d(3-19)  7%          4
 Blink                    Tloc           16%        N/A       12%         2
 Vhi's Electric Charge    Tloc/Air       42%        N/A       22%         4
 Arcjolt                  Conj/Air       15%        1d25      26%         5
 Manifold Assault         Tloc           8%         N/A       58%         4
 Ozocubu's Refrigeration  Ice            21%        4d12      100%        7


Dungeon Overview and Level Annotations

Branches:
Dungeon (7/15)             Temple (1/1) D:4

Altars:
Ashenzari
Cheibriados
Dithmenos
Elyvilon
Fedhas
Gozag
Hepliaklqana
Kikubaaqudgha
Makhleb
Nemelex Xobeh
Okawaru
Qazlal
Ru
Sif Muna
Trog
Uskayaw
Vehumet
Wu Jian
Xom
Yredelemnul
Zin
The Shining One

Shops:
D:5 *   D:6 (

Annotations:
D:7 Joseph


Message History

The zap hits the hound.
You kill the hound!
Vehumet accepts your kill.
Magic restored.
There is an open door here.
You see here a hound corpse.
You open the door.
There is an open door here.
A steam dragon comes into view.
The steam dragon moves out of view.
Casting: Shock (safe; 1% risk of failure)
Confirm with . or Enter, or press ? or * to list all spells.
You feel quick. The steam dragon breathes steam at you.
The ball of steam hits you!
You hear a shout! x3
The zap hits the steam dragon but does no damage.
An orc comes into view. It is wielding a +0 dagger of speed.
The steam dragon attacks as it pursues you!
The steam dragon bites you but does no damage.
The steam dragon closely misses you.
Found 9 gold pieces.
The zap hits the steam dragon.
The steam dragon is lightly wounded.
The orc shouts!
The steam dragon completely misses you. The steam dragon closely misses you.
There is an open door here.
The zap misses the steam dragon.
The steam dragon breathes steam at you. The ball of steam hits you!
You hear a shout!
You are too injured to fight recklessly!
You start to feel a little slower.
The steam dragon breathes steam at you. The ball of steam hits you!!
* * * LOW HITPOINT WARNING * * *
There is an open door here.
The steam dragon breathes steam at you. The ball of steam hits you!
You die...

....#'####................#
....#....#................#.....#
....#....#..........§§§...#.....#
....#....#..........§.....#.....#
....#....#...........§..§.#.....#
.<..#....#......#####.§...#.....#
....#....#......#...§†D§..# ....#
....#....#......#§§§#...D§###...#
....#....#......@...#.......#...#
#####....#......#...#.....o.#....
#.....#......#...#.......#....
#.....#......#...#.......'....
#.....#......#...+.......#....
##....#......#...#.......#....
#....#......#>..#.......#...#
##....'......#...#.......#####
#.....#......# +.......#


There were no monsters in sight!

Vanquished Creatures
  3 ice beasts
  3 ogres (D:5)
  A phantom (D:5)
  A bullfrog (D:5)
  A gnoll sergeant (D:6)
  3 scorpions
  4 hounds
  A jelly (D:4)
  An orc priest (D:5)
  3 orc wizards
  12 adders
  4 gnolls (D:6)
  4 ufetubi
  A worm (D:4)
  20 orcs
  6 bats
  5 endoplasms
  A giant cockroach (D:3)
  3 hobgoblins
  6 jackals
  A quokka (D:1)
  3 ball pythons
  3 frilled lizards
  6 goblins
  6 kobolds
  7 rats
109 creatures vanquished.

Notes
Turn   | Place    | Note
-------+----------+-------------------------------------------
     0 | D:1      | BinkBink the Deep Elf Air Elementalist began the quest for
                  | the Orb.
     0 | D:1      | Reached XP level 1. HP: 10/10 MP: 6/6
   299 | D:1      | Reached XP level 2. HP: 15/15 MP: 4/8
  1137 | D:1      | Reached XP level 3. HP: 15/19 MP: 0/10
  1497 | D:2      | Found a faded altar of an unknown god.
  2371 | D:3      | Reached skill level 4 in Spellcasting
  2476 | D:3      | Reached XP level 4. HP: 24/24 MP: 8/12
  2533 | D:3      | Reached skill level 1 in Necromancy
  2792 | D:3      | Reached skill level 1 in Evocations
  3076 | D:3      | Reached skill level 1 in Staves
  3098 | D:3      | Found a blossoming altar of Fedhas.
  3275 | D:4      | Learned a level 3 spell: Swiftness
  3508 | D:4      | Identified the +3 ring mail of Makhleb's Pride {rElec rPois
                  | Will+}
  3806 | D:4      | Reached XP level 5. HP: 28/28 MP: 6/13
  4065 | D:4      | Found a staircase to the Ecumenical Temple.
  4072 | D:4      | Identified the +0 flail of Destruction {spect, rPois rF+
                  | Str-5 Int+3}
  4084 | Temple   | Entered the Ecumenical Temple
  4115 | Temple   | Became a worshipper of Vehumet
  4681 | D:5      | Entered Level 5 of the Dungeon
  4756 | D:5      | Found Wyadycet's Assorted Antiques.
  4762 | D:5      | Noticed an ice beast
  4921 | D:5      | Noticed an ogre
  4954 | D:5      | Killed an ogre
  4955 | D:5      | Reached XP level 6. HP: 20/32 MP: 13/15
  5027 | D:5      | Reached skill level 5 in Spellcasting
  5027 | D:5      | Reached skill level 1 in Ice Magic
  5088 | D:5      | Noticed an ice beast
  5094 | D:5      | Killed an ice beast
  5095 | D:5      | Reached XP level 7. HP: 36/36 MP: 12/16
  5854 | D:5      | Learned a level 6 spell: Plasma Beam
  5888 | D:6      | Reached skill level 6 in Spellcasting
  5967 | D:6      | Found Jazam's Weapon Boutique.
  6145 | D:6      | Reached skill level 5 in Air Magic
  6145 | D:6      | Reached XP level 8. HP: 30/41 MP: 15/19
  6150 | D:6      | Reached * piety under Vehumet
  6150 | D:6      | Offered knowledge of Freeze by Vehumet.
  6470 | D:6      | Found a hide-covered altar of Uskayaw.
  6525 | D:6      | Found an iron altar of Okawaru.
  6528 | D:6      | Found a bloodstained altar of Trog.
  6551 | D:6      | Reached skill level 7 in Spellcasting
  7026 | D:7      | Noticed Joseph
  7030 | D:7      | Paralysed by Joseph for 2 turns
  7223 | D:7      | HP: 2/41 [something/ball of steam (18)]
  7229 | D:7      | Killed from afar by a steam dragon

Illustrated notes

Levels and vault maps discovered:
D:1:      dpeg_arrival_concentric_ovals, layout_basic, glass_columns_a,
          chequers_serial_rivers_large_b
D:2:      layout_loops_cross, hellmonk_ecumenical_altar_blasted
D:3:      layout_loops_ring, fedhas_altar_fruit_tree
D:4:      layout_gridville, minmay_temple_entry_offerings
D:5:      layout_loops_ring, serial_shops, shop, hangedman_decor_lopped
D:6:      layout_cave_pools, grunt_temple_overflow_open, serial_shops,
          nicolae_shop_bloodbath_and_beyond, chequers_serial_rivers_room_a,
          hangedman_decor_slide_cut
D:7:      layout_gridville, uniq_maggie, uniq_joseph
Temple:   dpeg_three_leaves_temple

Skill      XL: |  1  2  3  4  5  6  7  8 |
---------------+-------------------------+-----
Conjurations   | 2 3 4 |  4.2
Spellcasting   | 4 5 6 7 |  7.2
Necromancy     | 1 2 |  2.0
Evocations     | 1 2 3 |  3.3
Staves         | 1 2 3 |  3.1
Air Magic      | 4 5 |  5.7
Ice Magic      | 1 3 4 |  4.3
Dodging        | |  2.4
Stealth        | |  2.4

Action                     |  1- 3 |  4- 6 |  7- 9 || total
---------------------------+-------+-------+-------++-------
   Cast: Shock             |    67 |   131 |   139 ||   337
         Swiftness         |       |     2 |     6 ||     8
    Use: Scroll            |     1 |       |    10 ||    11
 Armour: Robe              |    18 |     3 |    56 ||    77
         Ring mail         |       |    18 |       ||    18
  Dodge: Dodged            |    21 |    17 |    54 ||    92

Table legend: (Time is in decaauts)
 A = Elapsed time spent in this place.
 B = Non-inter-level travel time spent in this place.
 C = Inter-level travel time spent in this place.
 D = Time resting spent in this place.
 E = Time spent auto-exploring this place.
 F = Levels seen in this place.
 G = Mean time per level.
                   A        B        C        D        E       F      G
               +--------+--------+--------+--------+--------+-----+--------+
         Total |   7258 |   6859 |    399 |    907 |   4964 |   8 |  907.2 |
       Dungeon |   7217 |   6856 |    361 |    907 |   4964 |   7 | 1031.0 |
        Temple |     40 |      2 |     38 |      0 |      0 |   1 |   40.0 |
               +--------+--------+--------+--------+--------+-----+--------+

Top non-repeatable levels by time:
     D:4: 1446 daAuts
     D:1: 1426 daAuts
     D:5: 1416 daAuts
     D:3: 1005 daAuts
     D:2: 857 daAuts
     D:6: 796 daAuts
     D:7: 269 daAuts
  Temple: 40 daAuts
